 Dungeon Crawl Stone Soup version 0.30.1-9-gdf580d7c3d (webtiles) character file.

Game seed: 6015543870072999895

757 rowski the Covered (level 7, -4/62 HPs)
             Began as an Armataur Fighter on Oct 6, 2023.
             Was an Initiate of the Shining One.
             Killed from afar by an orc wizard (9 damage)
             ... with a magic dart
             ... created by the fury of Okawaru
             ... on level 5 of the Dungeon.
             The game lasted 00:14:07 (3394 turns).

rowski the Covered (Armataur Fighter)               Turns: 3394, Time: 00:14:08

Health: -4/62      AC:  9    Str: 22    XL:     7   Next: 50%
Magic:  7/7        EV:  8    Int:  8    God:    the Shining One [......]
Gold:   240        SH:  4    Dex: 11    Spells: 3/6 levels left

rFire   . . .        h - +3 whip (freeze)
rCold   . . .        c - +0 buckler
rNeg    . . .        b - +2 scale mail
rPois   .            (no helmet)
rElec   .            (no cloak)
rCorr   .            (no gloves)
SInv    .            (no barding)
Will    .....        (no amulet) Stlth
                     q - ring of wizardry
HPRegen 0.30/turn    (no ring)
MPRegen 0.10/turn

%: roll, wizardry (x1)
@: glowing
A: large, rugged brown scales 3, deformed body, armoured tail, roll, long
tongue, awkward tongue
a: Renounce Religion


You were on level 5 of the Dungeon.
You worshipped the Shining One.
The Shining One was noncommittal.
You visited 2 branches of the dungeon, and saw 6 of its levels.

You collected 240 gold pieces.

Inventory:

Hand Weapons
 a - a +0 rapier
 h - a +3 whip of freezing (weapon)
 l - a +0 shortbow
Missiles
 e - a throwing net
 j - 2 boomerangs (quivered)
 u - 6 poisoned darts
 v - 6 curare-tipped darts
Armour
 b - a +2 scale mail (worn)
 c - a +0 buckler (worn)
Jewellery
 q - a ring of wizardry (left hand)
Scrolls
 f - 2 scrolls of fog
 g - a scroll of enchant weapon
 i - a scroll of vulnerability
 n - a scroll of teleportation
 p - 6 scrolls of identify
 s - a scroll of immolation {unknown}
 t - 2 scrolls of noise
Potions
 d - a potion of might
 k - a potion of brilliance
 m - a potion of lignification
 o - a potion of attraction
 r - a potion of magic {unknown}


   Skills:
 + Level 3.7 Fighting
 + Level 2.6 Short Blades
 + Level 3.3 Maces & Flails
 + Level 1.6 Throwing
 + Level 6.5 Armour
 + Level 1.6 Dodging
 + Level 1.0 Stealth
 + Level 4.3 Shields


You had 3 spell levels left.
You knew the following spells:

 Your Spells              Type           Power      Damage    Failure   Level
a - Call Canine Familiar  Summ           0%         N/A       80%         3

Your spell library contained the following spells:

 Spells                   Type           Power      Damage    Failure   Level
 Gell's Gravitas          Tloc           0%         N/A       80%         3
 Portal Projectile        Hex/Tloc       0%         N/A       80%         3
 Teleport Other           Tloc           0%         N/A       80%         3
 Leda's Liquefaction      Hex/Erth       0%         N/A       99%         4
 Dispersal                Tloc           0%         N/A       100%        6


Dungeon Overview and Level Annotations

Branches:
Dungeon (5/15)             Temple (1/1) D:4

Altars:
Ashenzari
Cheibriados
Dithmenos
Elyvilon
Gozag
Kikubaaqudgha
Makhleb
Okawaru
Qazlal
Ru
Sif Muna
Uskayaw
Vehumet
Wu Jian
Yredelemnul
Zin
The Shining One

Shops:
D:4 (


Innate Abilities, Weirdness & Mutations

You are completely covered in rugged brown scales. (AC +3, +7% HP)
Armour fits poorly on your strangely shaped body.
You have a long armoured tail.
You roll when moving toward enemies. (Rampage)
Your long tongue fully drains potion bottles. (2x potion effects)
Your tongue gives you trouble enunciating. (1.5x scroll delay)


Message History

You open the door.
You start resting.
You feel a little less mighty now.
You start resting.
HP restored.
There is an open door here.
You open the door.
Found a broken altar of Ashenzari.
Found an ancient bone altar of Kikubaaqudgha.
There is an open door here.
There is an ancient bone altar of Kikubaaqudgha here.
There is an open door here.
There is an open door here.
You open the door.
There is an open door here.
Okawaru sends forces against you! 4 orcs and a minotaur come into view.
You hit the minotaur but do no damage. You closely miss the minotaur.
You hit the minotaur. You freeze the minotaur.
The minotaur is lightly wounded.
The orc warrior hits you but does no damage.
The minotaur closely misses you. The minotaur gores you!
An orc comes into view. It is wielding a +0 dagger.
You hit the minotaur but do no damage.
Your tail-slap misses the minotaur.
The minotaur is lightly wounded.
The orc warrior hits you from afar with a +0 trident!
The minotaur barely misses you.
The minotaur gores you but does no damage.
The orc warrior closely misses you. You block the orc wizard's attack.
The minotaur hits you!! The minotaur gores you.
* * * LOW HITPOINT WARNING * * *
The orc attacks as you move away! You block the orc's attack.
The orc priest calls down the wrath of Okawaru upon you.
Okawaru smites you!
* * * LOW HITPOINT WARNING * * *
The minotaur throws a javelin.
The javelin closely misses you.
The orc wizard gestures at you while chanting.
The magic dart hits you!
You die...

#'###...................#...#####
..............>....######...#
...................+ #....
.....########...ooo# #.....
.....#......#...o..#
.....#......#..oH..#
.....'......#......#
.....#......#......##
.....#......#...@...#
#############.......#
............+.......#
............#.......#
............#.......#
###.........#.......# .
#.##....###.......#
..#..#'####.....#####
..#..+....†.....#


You could see a minotaur, an orc warrior, an orc priest, an orc wizard and 2
orcs.

Vanquished Creatures
  Pikel (D:5)
  A centaur (D:3)
  A scorpion (D:3)
  An orc priest (D:5)
  An iguana (D:4)
  2 orc wizards (D:5)
  3 adders
  An ufetubus (D:4)
  2 worms
  2 dart slugs
  6 orcs
  3 bats
  8 endoplasms
  6 giant cockroaches
  2 goblins
  6 hobgoblins
  5 jackals (D:3)
  6 quokkas
  6 ball pythons
  5 frilled lizards
  7 kobolds
  5 rats
80 creatures vanquished.

Notes
Turn   | Place    | Note
-------+----------+-------------------------------------------
     0 | D:1      | rowski the Armataur Fighter began the quest for the Orb.
     0 | D:1      | Reached XP level 1. HP: 19/19 MP: 1/1
   410 | D:1      | Reached XP level 2. HP: 19/26 MP: 2/2
  1024 | D:2      | Reached XP level 3. HP: 33/33 MP: 3/3
  1044 | D:2      | Reached skill level 4 in Armour
  1413 | D:3      | Noticed a centaur
  1429 | D:3      | Killed a centaur
  1430 | D:3      | Reached skill level 1 in Dodging
  1430 | D:3      | Reached XP level 4. HP: 19/40 MP: 4/4
  1451 | D:3      | Reached skill level 1 in Maces & Flails
  1624 | D:3      | Reached XP level 5. HP: 48/48 MP: 5/5
  1683 | D:3      | Learned a level 3 spell: Call Canine Familiar
  2098 | D:4      | Found Ixzoj's Antique Weapon Shop.
  2163 | D:4      | Reached skill level 5 in Armour
  2296 | D:4      | Found a staircase to the Ecumenical Temple.
  2369 | Temple   | Entered the Ecumenical Temple
  2483 | Temple   | Became a worshipper of Uskayaw the Reveller
  2569 | Temple   | Fell from the grace of Uskayaw
  2569 | Temple   | Became a worshipper of Warmaster Okawaru
  2664 | Temple   | Fell from the grace of Okawaru
  2664 | Temple   | Became a worshipper of the Shining One
  2757 | D:5      | Entered Level 5 of the Dungeon
  2771 | D:5      | Reached XP level 6. HP: 53/54 MP: 6/6
  3022 | D:5      | Found a burning altar of Makhleb.
  3122 | D:5      | Noticed Pikel
  3168 | D:5      | Killed Pikel
  3169 | D:5      | Reached skill level 1 in Throwing
  3169 | D:5      | Reached skill level 6 in Armour
  3169 | D:5      | Reached skill level 1 in Stealth
  3169 | D:5      | Reached XP level 7. HP: 14/62 MP: 7/7
  3337 | D:5      | Found a broken altar of Ashenzari.
  3338 | D:5      | Found an ancient bone altar of Kikubaaqudgha.
  3385 | D:5      | Noticed a minotaur
  3394 | D:5      | Killed from afar by an orc wizard

Illustrated notes

Levels and vault maps discovered:
D:1:      evilmike_arrival_home_sweet_home, layout_basic
D:2:      layout_rooms
D:3:      layout_rooms, eino_curves_02
D:4:      layout_rooms, minmay_temple_entry_poolview, serial_shops, shop
D:5:      layout_gridville, lemuel_tele_altar, gammafunk_temple_overflow_pools,
          uniq_pikel
Temple:   minmay_temple_curvy_branch

Skill      XL: |  1  2  3  4  5  6 |
---------------+-------------------+-----
Short Blades   | 2 |  2.6
Fighting       | 3 |  3.7
Armour         | 4 5 6 |  6.5
Dodging        | 1 |  1.6
Shields        | 4 |  4.3
Maces & Flails | 1 2 3 |  3.3
Throwing       | 1 |  1.6
Stealth        | 1 |  1.0

Action                     |  1- 3 |  4- 6 |  7- 9 || total
---------------------------+-------+-------+-------++-------
  Melee: Rapier            |    55 |       |       ||    55
         Tailslap          |    11 |    12 |       ||    23
         Whip              |    64 |   115 |     4 ||   183
  Throw: Throwing net      |     2 |       |       ||     2
         Boomerang         |       |    16 |       ||    16
    Use: Scroll            |     6 |     2 |       ||     8
         Potion            |     3 |     1 |       ||     4
 Armour: Scale mail        |    86 |    53 |     2 ||   141
  Dodge: Dodged            |    54 |    31 |     4 ||    89
  Block: Buckler           |    26 |    16 |     2 ||    44
